 Dungeon Crawl Stone Soup version 0.21-a0-265-gb353147 (console) character file.

4485 Mandevil the Spear-Bearer (level 10, 0/85 HPs)
             Began as a Naga Monk on Sept 12, 2017.
             Was an Elder of Cheibriados.
             Slain by a white ugly thing (17 damage)
             ... on level 8 of the Dungeon.
             The game lasted 00:19:49 (7994 turns).

Mandevil the Spear-Bearer (Naga Monk)               Turns: 7994, Time: 00:19:50

Health: 0/85       AC: 11    Str: 34    XL:     10   Next: 38%
Magic:  16/16      EV:  7    Int: 25    God:    Cheibriados [****..]
Gold:   331        SH:  0    Dex: 27    Spells: 9/9 levels left

rFire    x . .     SeeInvis +   a - +3 trident {pierce, rF- Str+7 Dex+3}
rCold    . . .     Gourm    .   (no shield)
rNeg     . . .     Faith    .   I - +0 plate armour
rPois    +         Spirit   .   (no helmet)
rElec    .         Reflect  .   l - +2 cloak {+Inv}
rCorr    .         Harm     .   (no gloves)
MR       +....                  (no barding)
Stlth    ..........             (no amulet)
HPRegen  0.24/turn              o - +5 ring of intelligence
MPRegen  0.15/turn              (no ring)

@: very slow
A: see invisible, deformed body, poison resistance, slowness 2, slow metabolism
1, spit poison 1, AC +3
a: Spit Poison, Bend Time, Temporal Distortion, Slouch, Renounce Religion, Evoke
Invisibility


You were on level 8 of the Dungeon.
You worshipped Cheibriados.
Cheibriados was greatly pleased with you.
You were not hungry.

You visited 1 branch of the dungeon, and saw 8 of its levels.

You collected 331 gold pieces.

Inventory:

Hand Weapons
 a - the +3 trident "Ruozxil" (weapon) {pierce, rF- Str+7 Dex+3}
   (You found it on level 5 of the Dungeon)

   It inflicts extra damage upon your enemies.
   It affects your strength (+7).
   It affects your dexterity (+3).
   It makes you vulnerable to fire.
 n - a +2 whip of electrocution
 B - a +1 spear
 C - a +0 mace of holy wrath
Missiles
 m - 109 arrows
 p - 11 poisoned needles
 s - 215 stones (quivered)
 t - 5 tomahawks
 z - 34 sling bullets
 A - 31 bolts
Armour
 l - a +2 cloak of invisibility (worn)
 I - a +0 plate armour (worn)
Jewellery
 o - a +5 ring of intelligence (left hand)
Wands
 b - a wand of acid (5/15)
 v - a wand of clouds (1/9)
 F - a wand of confusion (11/48)
 J - a wand of disintegration (14/24)
Scrolls
 e - 6 scrolls of remove curse
 h - 4 scrolls of teleportation
 y - a scroll of recharging
 E - a scroll of enchant weapon
 H - a scroll of enchant armour
Potions
 g - 4 potions of curing
 i - a potion of ambrosia
 k - 4 potions of flight
 q - 4 potions of magic
 r - a potion of invisibility
 u - a potion of agility
 w - 2 potions of haste {unknown}
 x - a potion of resistance {unknown}
 D - 2 potions of berserk rage {unknown}
 G - a potion of might
Comestibles
 c - 9 bread rations
 d - 3 meat rations
 f - 8 fruits
 j - 7 royal jellies


   Skills:
 - Level 3.7 Fighting
 + Level 9.3 Polearms
 - Level 2.4 Dodging
 - Level 5.4 Stealth
 + Level 8.4 Invocations
 + Level 8.3 Evocations


You had 9 spell levels left.
You didn't know any spells.

Dungeon Overview and Level Annotations

Branches:
Dungeon (8/15)             Temple (0/1) D:4
   Lair: D:8-11

Altars:
Ashenzari
Cheibriados
Fedhas
Kikubaaqudgha
Qazlal
Ru
Wu Jian
Zin
The Shining One

Annotations:
D:2 exclusion: oklob plant


Innate Abilities, Weirdness & Mutations

You cannot wear boots.
Your serpentine skin is tough. (AC +3)
You have supernaturally acute eyesight. (SInv)
Armour fits poorly on your strangely shaped body.
Your system is resistant to poisons. (rPois)
You cover ground very slowly.
You have a slow metabolism.
You can spit poison.


Message History

You hit the white ugly thing but do no damage.
The white ugly thing is heavily wounded.
The white ugly thing tail-slaps you! The white ugly thing freezes you!!
An orc wizard comes into view. It is wielding a dagger.
You are too injured to fight recklessly!
You are too injured to fight recklessly!
Evoke which item? (* to show all) (? for menu, Esc to quit)
Aiming: Cloud Cone
Press: ? - help, Dir - move target cursor, f - white ugly thing
Aim: a white ugly thing (heavily wounded)
You create a blast of poison gas!
The orc wizard shouts!
This wand has 1 charge left.
The orc priest is engulfed in poison gas.
The orc priest is poisoned.
The white ugly thing is engulfed in poison gas.
The white ugly thing is poisoned.
The white ugly thing tail-slaps you!
* * * LOW HITPOINT WARNING * * *
The white ugly thing freezes you!
You die...

#######+##.....##
...........##.#.#
...........##.#.#
...........##...# #
#####+##.#....#
#######.##.#....#
...........#....#
.#......####..%.####o#
.#.###..# #....Nuoo0#
.#......####...####00#
.######........# # ##
#####.#### # #. ##


You could see a white ugly thing, an orc priest and 2 orc wizards.

Vanquished Creatures
  A two-headed ogre (D:8)
  Pikel (D:5)
  A hornet (D:8)
  A human (D:7)
  4 hogs (D:7)
  Menkaure (D:5)
  2 orc warriors (D:8)
  An ice beast (D:5)
  4 sky beasts
  4 slaves (D:5)
  3 ogres
  3 centaurs
  The ghost of p0werm0de the Chiller, an amateur OpIE of Gozag (D:5)
  2 bullfrogs (D:7)
  A howler monkey (D:5)
  3 crimson imps
  A centaur zombie (D:8)
  4 hounds
  4 orc priests
  Crazy Yiuf (D:2)
  Jessica (D:2)
  An iguana (D:6)
  7 orc wizards
  8 worker ants
  3 gnolls (D:3)
  5 adders
  A shadow imp (D:7)
  An ooze (D:4)
  3 adder skeletons
  A worm (D:4)
  3 dart slugs
  6 leopard geckos
  19 orcs
  12 giant cockroaches
  2 goblins (D:3)
  2 hobgoblins
  9 jackals
  2 quokkas
  7 bats
  8 frilled lizards
  7 kobolds
  4 rats
155 creatures vanquished.

Notes
Turn   | Place    | Note
-------+----------+-------------------------------------------
     0 | D:1      | Mandevil the Naga Monk began the quest for the Orb.
     0 | D:1      | Reached XP level 1. HP: 21/21 MP: 1/1
   398 | D:1      | Reached XP level 2. HP: 28/28 MP: 2/2
  1116 | D:2      | Noticed Jessica
  1123 | D:2      | Killed Jessica
  1123 | D:2      | Reached XP level 3. HP: 20/34 MP: 3/3
  1505 | D:2      | Reached skill level 4 in Polearms
  1505 | D:2      | Reached skill level 5 in Stealth
  1505 | D:2      | Reached XP level 4. HP: 40/42 MP: 4/4
  1528 | D:2      | Found a blossoming altar of Fedhas.
  1542 | D:2      | Noticed an oklob plant
  1923 | D:2      | Found a runed door.
  1931 | D:2      | Noticed Crazy Yiuf
  1935 | D:2      | Killed Crazy Yiuf
  2074 | D:3      | Found an ornate altar of the Wu Jian Council.
  2158 | D:3      | Reached XP level 5. HP: 19/49 MP: 5/5
  2561 | D:3      | Reached skill level 1 in Evocations
  3530 | D:4      | Reached XP level 6. HP: 17/56 MP: 7/7
  3545 | D:4      | HP: 1/56 [hound (5)]
  3758 | D:4      | Found a snail-covered altar of Cheibriados.
  3758 | D:4      | Found a sacrificial altar of Ru.
  3758 | D:4      | Found a shattered altar of Ashenzari.
  3762 | D:4      | Became a worshipper of Cheibriados the Contemplative
  3762 | D:4      | Reached * piety under Cheibriados
  3762 | D:4      | Reached ** piety under Cheibriados
  4090 | D:4      | Found a staircase to the Ecumenical Temple.
  4212 | D:4      | Reached skill level 5 in Polearms
  4212 | D:4      | Reached skill level 1 in Invocations
  4527 | D:5      | Entered Level 5 of the Dungeon
  4545 | D:5      | Noticed p0werm0de's ghost (amateur OpIE)
  4574 | D:5      | Killed p0werm0de's ghost
  4574 | D:5      | Reached XP level 7. HP: 59/63 MP: 9/9
  4626 | D:5      | Noticed Menkaure
  4637 | D:5      | Killed Menkaure
  4852 | D:5      | Found a glowing silver altar of Zin.
  4963 | D:5      | Found a glowing golden altar of the Shining One.
  4983 | D:5      | Noticed Pikel
  4995 | D:5      | Killed Pikel
  4995 | D:5      | Reached skill level 6 in Polearms
  4995 | D:5      | Reached skill level 5 in Evocations
  4995 | D:5      | Reached XP level 8. HP: 51/72 MP: 9/11
  5096 | D:5      | Got an iridescent trident
  5097 | D:5      | Identified the cursed +3 trident "Ruozxil" {pierce, rF- Str+7 Dex+3} (You found it on level 5 of the Dungeon)
  5309 | D:5      | Reached *** piety under Cheibriados
  5567 | D:6      | Reached skill level 5 in Invocations
  5575 | D:6      | Reached skill level 7 in Polearms
  5963 | D:7      | Reached XP level 9. HP: 78/78 MP: 13/13
  6383 | D:7      | Found an ancient bone altar of Kikubaaqudgha.
  6383 | D:7      | Found a stormy altar of Qazlal.
  6392 | D:7      | Reached **** piety under Cheibriados
  6484 | D:7      | Reached skill level 8 in Polearms
  7406 | D:8      | Reached XP level 10. HP: 63/85 MP: 15/15
  7467 | D:8      | Noticed a two-headed ogre
  7471 | D:8      | Killed a two-headed ogre
  7471 | D:8      | Reached skill level 9 in Polearms
  7986 | D:8      | Noticed a white ugly thing
  7994 | D:8      | Slain by a white ugly thing

Vault maps used:
D:1:      minmay_arrival_open_corners
D:2:      tgw_fedhas, uniq_jessica, uniq_crazy_yiuf_cottage
D:3:      minmay_roachtagon, nicolae_overflow_crystal_walls
D:4:      gammafunk_temple_overflow_forgotten, temple_pool_b, first_bread,
          minmay_vboxes
D:5:      lemuel_doored_altar, nicolae_tso_carved_into_rock, uniq_pikel,
          uniq_menkaure
D:7:      gammafunk_temple_overflow_elements, grunt_livestock
D:8:      kennysheep_mini, erik_lair_dragon, hangedman_decor_clover_reticule

Skill      XL: |  1  2  3  4  5  6  7  8  9 10 |
---------------+-------------------------------+-----
Stealth        | 4 5 |  5.4
Polearms       | 4 5 6 7 8 9 |  9.3
Evocations     | 2 3 5 6 7 8 |  8.3
Invocations    | 2 4 5 7 8 |  8.4
Fighting       | |  3.7
Dodging        | |  2.4

Action                   |  1- 3 |  4- 6 |  7- 9 | 10-12 || total
-------------------------+-------+-------+-------+-------++-------
Melee: Spear             |    84 |   307 |    76 |       ||   467
       Trident           |       |       |   155 |    49 ||   204
Throw: Stone             |       |     3 |    17 |       ||    20
 Abil: Spit Poison       |     1 |    12 |     3 |       ||    16
Evoke: Wand              |       |     1 |     2 |     2 ||     5
  Use: Scroll            |     2 |     7 |     9 |       ||    18
       Potion            |       |     5 |       |       ||     5
 Stab: Sleeping          |     6 |     7 |     9 |       ||    22
       Confused          |       |     1 |     4 |       ||     5
       Distracted        |       |       |     1 |       ||     1
  Eat: Chunk             |     1 |     8 |     6 |     1 ||    16
Armor: Robe              |     7 |   131 |    75 |       ||   213
       Plate armour      |       |       |     3 |    19 ||    22
Dodge: Dodged            |    45 |   177 |   106 |    19 ||   347

Table legend:
 A = Spawn XP
 B = Non-spawn XP
 C = Spawn XP percentage of total XP
 D = Spawn monster count
 E = Non-spawn monster count
 F = Spawn count percentage of total count
 G = Total turns spent on level
                    A         B        C        D         E        F      G
               +---------+---------+-------+---------+---------+-------+---------
         Total |       0 |    6408 |   0.0 |       0 |     151 |   0.0 |  7994
               +---------+---------+-------+---------+---------+-------+---------
           D:1 |       0 |      32 |   0.0 |       0 |      18 |   0.0 |  1055
           D:2 |       0 |      98 |   0.0 |       0 |       7 |   0.0 |  1000
           D:3 |       0 |     154 |   0.0 |       0 |      37 |   0.0 |  1449
           D:4 |       0 |     245 |   0.0 |       0 |      12 |   0.0 |  1023
           D:5 |       0 |    1373 |   0.0 |       0 |      20 |   0.0 |  1022
           D:6 |       0 |     441 |   0.0 |       0 |      12 |   0.0 |   398
           D:7 |       0 |    2047 |   0.0 |       0 |      28 |   0.0 |  1380
           D:8 |       0 |    2018 |   0.0 |       0 |      17 |   0.0 |   667
               +---------+---------+-------+---------+---------+-------+---------
